 Dungeon Crawl Stone Soup version 0.23-a0-393-g6e9e0f2070 (webtiles) character file.

1809 Notair the Cleaver (level 8, -8/73 HPs)
             Began as a Minotaur Gladiator on Oct 31, 2018.
             Was a Believer of Okawaru.
             Mangled by Prince Ribbit (10 damage)
             ... on level 6 of the Dungeon on Nov 2, 2018.
             The game lasted 00:16:42 (5094 turns).

Notair the Cleaver (Minotaur Gladiator)             Turns: 5094, Time: 00:16:42

Health: -8/73      AC: 10    Str: 20    XL:     8   Next: 84%
Magic:  7/7        EV:  8    Int:  7    God:    Okawaru [**....]
Gold:   159        SH:  0    Dex: 11    Spells: 7/7 levels left

rFire    . . .     SeeInvis .   a - +0 war axe
rCold    . . .     Gourm    .   (no shield)
rNeg     . . .     Faith    .   g - +0 chain mail
rPois    .         Spirit   .   c - +0 hat
rElec    .         Reflect  .   s - +0 cloak
rCorr    .         Harm     .   p - +0 pair of gloves
MR       .....                  (no boots)
Stlth    ..........             (no amulet)
HPRegen  0.22/turn              (no ring)
MPRegen  0.10/turn              (no ring)

@: invisible
A: retaliatory headbutt, horns 2
a: Heroism, Renounce Religion


You were on level 6 of the Dungeon.
You worshipped Okawaru.
Okawaru was pleased with you.
You were hungry.

You visited 2 branches of the dungeon, and saw 7 of its levels.

You collected 181 gold pieces.
You spent 22 gold pieces at shops.

Inventory:

Hand Weapons
 a - a +0 war axe (weapon)
Missiles
 d - 4 throwing nets (quivered)
 t - 9 poisoned needles
Armour
 b - a +0 leather armour
 c - a +0 hat (worn)
 g - a +0 chain mail (worn)
 p - a +0 pair of gloves (worn)
 s - a +0 cloak (worn)
Jewellery
 C - a +3 ring of protection {unknown}
 D - an uncursed ring of protection from fire {unknown}
 F - an uncursed ring of protection from fire {unknown}
Wands
 B - a wand of digging (5)
Scrolls
 e - 7 scrolls of remove curse
 j - 2 scrolls of blinking
 m - 4 scrolls of teleportation
 n - a scroll of fog
 u - a scroll of enchant weapon {unknown}
 w - 3 scrolls of fear {unknown}
 y - a scroll of identify
 A - a scroll of noise {unknown}
Potions
 h - a potion of lignification
 i - 2 potions of invisibility
 k - a potion of haste
 l - a potion of magic
 o - 2 potions of might {unknown}
 q - a potion of heal wounds {unknown}
 r - a potion of brilliance {unknown}
 v - 2 potions of mutation {unknown}
 x - 2 potions of curing {unknown}
 z - a potion of agility {unknown}
 E - a potion of flight {unknown}
Comestibles
 f - 13 rations


   Skills:
 + Level 7.0 Fighting
 * Level 12.2 Axes
 - Level 2.0 Throwing
 - Level 3.2 Dodging


You had 7 spell levels left.
You didn't know any spells.
Your spell library contained the following spells:

 Spells                   Type           Power        Failure   Level  Hunger
 Shock                    Conj/Air       #...         99%         1    ##.....
 Swiftness                Chrm/Air       #.......     100%        2    ###....
 Static Discharge         Conj/Air       #.......     100%        3    ####...
 Airstrike                Air            #.........   100%        4    #####..
 Lightning Bolt           Conj/Air       #.........   100%        5    ######.


Dungeon Overview and Level Annotations

Branches:
Dungeon (6/15)             Temple (1/1) D:4

Altars:
Cheibriados
Fedhas
Makhleb
Nemelex Xobeh
Okawaru
Ru
Uskayaw
Xom

Shops:
D:4 ?

Annotations:
D:6 Prince Ribbit


Innate Abilities, Weirdness & Mutations

You reflexively headbutt those who attack you in melee.
You have a pair of horns on your head.


Message History

The wyvern barely misses you.
Prince Ribbit hops awkwardly around.
Prince Ribbit hits you but does no damage. x2
You barely miss Prince Ribbit. You hit the wyvern but do no damage.
You slash the adder! The wyvern bites you! The adder bites you.
Prince Ribbit hits you!
* * * LOW HITPOINT WARNING * * *
The wyvern bites you but does no damage.
Prince Ribbit hits you but does no damage.
The adder barely misses you. Prince Ribbit closely misses you.
The orc priest miscasts a cantrip.
Prince Ribbit closely misses you. You furiously retaliate!
You headbutt Prince Ribbit! The wyvern bites you.
* * * LOW HITPOINT WARNING * * *
You fade into invisibility!
The wyvern bites you.
* * * LOW HITPOINT WARNING * * *
Prince Ribbit hits you!
You die...

#.......#
#......##
##.....#
#.....#
#....##
##o.o#
#.S##
#lF# ##@#
#.# #.##
#..# ##.#
#.## #..#
##.# #.##


You could see Prince Ribbit, a wyvern, an orc priest, an adder and an orc.

Vanquished Creatures
  Grinder (D:6)
  The ghost of Vakaro the Covert, a novice SpEn of Dithmenos (D:5)
  Menkaure (D:6)
  2 phantoms
  An ogre (D:4)
  A centaur (D:6)
  A scorpion (D:5)
  A crimson imp (D:6)
  A bullfrog zombie (D:4)
  4 hounds (D:5)
  A bullfrog skeleton (D:5)
  2 gnoll shamans
  An iguana (D:4)
  2 worker ants
  2 hound zombies (D:5)
  5 adders
  34 gnolls
  A howler monkey skeleton (D:5)
  A shadow imp (D:5)
  An adder zombie (D:5)
  An adder skeleton (D:4)
  4 worms
  2 leopard geckos
  6 orcs
  8 giant cockroaches
  7 goblins
  6 hobgoblins
  28 jackals
  4 quokkas
  5 bats
  3 frilled lizards
  A jackal zombie (D:5)
  4 kobolds
  A quokka skeleton (D:5)
  A quokka zombie (D:5)
  6 rats
151 creatures vanquished.

Notes
Turn   | Place    | Note
-------+----------+-------------------------------------------
     0 | D:1      | Notair the Minotaur Gladiator began the quest for the Orb.
     0 | D:1      | Reached XP level 1. HP: 18/18 MP: 0/0
    40 | D:1      | Reached skill level 4 in Axes
   158 | D:1      | Reached XP level 2. HP: 24/25 MP: 1/1
   593 | D:2      | Reached skill level 5 in Axes
   593 | D:2      | Reached XP level 3. HP: 30/30 MP: 2/2
  1337 | D:3      | Reached skill level 6 in Axes
  1337 | D:3      | Reached XP level 4. HP: 37/37 MP: 3/3
  1501 | D:3      | Found a blossoming altar of Fedhas.
  1663 | D:3      | Found a hide-covered altar of Uskayaw.
  1663 | D:3      | Found a sparkling altar of Nemelex Xobeh.
  2125 | D:4      | Reached skill level 7 in Axes
  2125 | D:4      | Reached XP level 5. HP: 32/42 MP: 4/4
  2193 | D:4      | Found a shimmering altar of Xom.
  2257 | D:4      | Found Ovif's Magic Scroll Boutique.
  2270 | D:4      | Bought a scroll of identify for 22 gold pieces
  2296 | D:4      | Noticed a phantom
  2317 | D:4      | Killed a phantom
  2317 | D:4      | Reached skill level 8 in Axes
  2468 | D:4      | Reached XP level 6. HP: 46/50 MP: 5/5
  2697 | D:4      | Found a staircase to the Ecumenical Temple.
  2704 | Temple   | Entered the Ecumenical Temple
  2717 | Temple   | Became a worshipper of Warmaster Okawaru
  3166 | D:4      | Reached skill level 9 in Axes
  3170 | D:4      | Reached XP level 7. HP: 26/57 MP: 6/6
  3186 | D:4      | Reached * piety under Okawaru
  3842 | D:5      | Entered Level 5 of the Dungeon
  3855 | D:5      | Reached skill level 10 in Axes
  4059 | D:5      | Reached skill level 5 in Fighting
  4140 | D:5      | Found a sacrificial altar of Ru.
  4225 | D:5      | Reached ** piety under Okawaru
  4266 | D:5      | Noticed Vakaro's ghost (novice SpEn)
  4267 | D:5      | Found a runed door.
  4413 | D:5      | Reached XP level 8. HP: 66/69 MP: 7/7
  4495 | D:5      | Killed Vakaro's ghost
  4495 | D:5      | Reached skill level 11 in Axes
  4567 | D:6      | Noticed Grinder
  4600 | D:6      | Killed Grinder
  4638 | D:6      | Noticed Menkaure
  4650 | D:6      | Killed Menkaure
  4650 | D:6      | Reached skill level 12 in Axes
  5081 | D:6      | Noticed Prince Ribbit
  5094 | D:6      | HP: 2/73 [wyvern (5)]
  5094 | D:6      | Mangled by Prince Ribbit

Vault maps used:
D:1:      kennysheep_arrival_forest
D:3:      chequers_temple_overflow_statue_of_worship, fedhas_altar_2
D:4:      lemuel_castle_with_subvaults, overflow_temple_1_default,
          minmay_temple_entry_enclosed_plants, serial_shops, shop_fountains,
          first_ration, minivault_25
D:5:      basic_altar, gammafunk_ghost_grave
D:6:      uniq_prince_ribbit1, uniq_menkaure, uniq_grinder
Temple:   minmay_crystal_spiral_temple

Skill      XL: |  1  2  3  4  5  6  7  8 |
---------------+-------------------------+-----
Axes           | 4 5 6 7 8 9 10 12 | 12.2
Fighting       | 3 5 7 |  7.0
Throwing       | |  2.0
Dodging        | |  3.2

Action                   |  1- 3 |  4- 6 |  7- 9 || total
-------------------------+-------+-------+-------++-------
Melee: War axe           |    98 |   161 |   173 ||   432
       Headbutt          |     9 |    27 |    33 ||    69
       Punch             |       |       |     1 ||     1
Invok: Heroism           |       |       |     2 ||     2
  Use: Scroll            |     2 |     7 |       ||     9
       Potion            |       |       |     1 ||     1
  Eat: Chunk             |     1 |     6 |     6 ||    13
Armor: Chain mail        |    61 |    95 |    95 ||   251
       Leather armour    |     3 |       |       ||     3
Dodge: Dodged            |    51 |    69 |    72 ||   192

Table legend:
 A = Non-vault XP
 B = Vault XP
 C = Vault XP percentage of total XP
 D = Non-vault monster count
 E = Vault monster count
 F = Vault count percentage of total count
                 A         B        C        D         E       F
            +---------+---------+-------+---------+---------+-------
      Total |    1206 |    1379 |  53.3 |      98 |      53 |  35.1
            +---------+---------+-------+---------+---------+-------
        D:1 |      29 |       0 |   0.0 |      18 |       0 |   0.0
        D:2 |      60 |       0 |   0.0 |      18 |       0 |   0.0
        D:3 |      78 |       0 |   0.0 |      22 |       0 |   0.0
        D:4 |     269 |     623 |  69.8 |      11 |      50 |  82.0
        D:5 |     475 |     289 |  37.8 |      20 |       1 |   4.8
        D:6 |     295 |     467 |  61.3 |       9 |       2 |  18.2
            +---------+---------+-------+---------+---------+-------
